 Dungeon Crawl Stone Soup version 0.18.1-50-g88ac8fd (webtiles) character file.

71 BabyRage the Conjurer (level 4, -5/36 HPs)
             Began as a Naga Conjurer on Oct 16, 2016.
             Slain by flt's ghost (8 damage)
             ... on level 3 of the Dungeon.
             The game lasted 00:03:13 (1421 turns).

BabyRage the Conjurer (Naga Conjurer)               Turns: 1421, Time: 00:03:14

Health: -5/36      AC:  2    Str: 10    XL:     4   Next: 24%
Magic:  8/8        EV: 10    Int: 17    God:
Gold:   109        SH:  0    Dex: 11    Spells: 2 memorised, 6 levels left

rFire  . . .     SeeInvis +     k - +0 short sword
rCold  . . .     Gourm    .     a - +0 robe
rNeg   . . .     Faith    .     (no shield)
rPois  +         Spirit   .     (no helmet)
rElec  .         Dismiss  .     (no cloak)
rCorr  .         Reflect  .     (no gloves)
SustAt .         Harm     .     (no barding)
MR     .....                    (no amulet)
Stlth  ++........               (no ring)
                                (no ring)

@: very slightly contaminated, invisible, very slow, not resistant to hostile
enchantments, unstealthy
A: see invisible, deformed body, poison resistance, slowness 2, slow metabolism
1, spit poison 2, AC +1
a: Spit Poison


You were on level 3 of the Dungeon.
You were not hungry.

You visited 1 branch of the dungeon, and saw 3 of its levels.

You collected 109 gold pieces.

Inventory:

Hand Weapons
 k - a +0 short sword (weapon)
Armour
 a - a +0 robe (worn)
Scrolls
 h - a scroll of fog
Potions
 l - a potion of invisibility
Books
 b - a book of Conjurations

   Spells                             Type                      Level
   a - Magic Dart                     Conjuration                  1
   b - Searing Ray                    Conjuration                  2
   c - Dazzling Spray                 Conjuration/Hexes            3
   d - Fulminant Prism                Conjuration/Hexes            4
   e - Iskenderun's Mystic Blast      Conjuration                  4
   f - Iskenderun's Battlesphere      Conjuration/Charms           5
Comestibles
 c - 2 bread rations
 d - a slice of pizza
 g - a meat ration


   Skills:
 - Level 1.5 Dodging
 - Level 3.0 Stealth
 + Level 3.0 Spellcasting
 + Level 4.9 Conjurations


You had 6 spell levels left.
You knew the following spells:

 Your Spells              Type           Power        Failure   Level  Hunger
a - Magic Dart            Conj           ###.         2%          1    None
b - Searing Ray           Conj           ###...       3%          2    ##.....


Dungeon Overview and Level Annotations

Branches:
Dungeon (3/15)

Altars:
Makhleb

Annotations:
D:3 Terence; flt's ghost, amateur FoHu


Innate Abilities, Weirdness & Mutations

You cannot wear boots.
Your serpentine skin is tough (AC +1).
You have supernaturally acute eyesight.
Armour fits poorly on your strangely shaped body.
Your system is resistant to poisons.
You cover ground very slowly.
You have a slow metabolism.
You can spit poison.


Message History

Read which item? (? for menu, Esc to quit)
As you read the scroll labeled LUISTR LANGA, it crumbles to dust.
You assume a fearsome visage.
Flt's ghost is unaffected.
It was a scroll of fear.
Flt's ghost says very slowly, "There's no hope."
Flt's ghost hits you!
Found a stone staircase leading up.
Flt's ghost hits you. Flt's ghost hits you!
* * * LOW HITPOINT WARNING * * *
Flt's ghost keens inconsolably.
Drink which item? (? for menu, Esc to quit)
It was a potion of invisibility.
You fade into invisibility!
Flt's ghost closely misses you.
You are very lightly contaminated with residual magic.
Flt's ghost hits you.
* * * LOW HITPOINT WARNING * * *
Flt's ghost hits you!
You die...

#.#....#.####..#.##
..W....#..........##
#..####.......#
...)..#.###.......##
#.#.#
#..##..###.#### #
##.##.........
#..#.......##
##.######..#.#
#.#@W.......#
#..###.#....#
#.##.###.#..###
#...............
#####.#.##.#....
#......+ .. ##.###.#
#.. # ##.#


You could see flt's ghost.

Vanquished Creatures
  A hound (D:2)
  An adder (D:2)
  A giant gecko (D:1)
  A bat (D:1)
  2 giant cockroaches (D:1)
  5 goblins
  4 hobgoblins
  2 jackals (D:2)
  6 giant newts
  6 kobolds (D:1)
  2 rats (D:1)
31 creatures vanquished.

Notes
Turn   | Place    | Note
--------------------------------------------------------------
     0 | D:1      | BabyRage the Naga Conjurer began the quest for the Orb.
     0 | D:1      | Reached XP level 1. HP: 15/15 MP: 3/3
   353 | D:1      | Reached XP level 2. HP: 22/22 MP: 0/5
   357 | D:1      | Learned a level 2 spell: Searing Ray
   840 | D:1      | Reached XP level 3. HP: 28/28 MP: 3/6
  1040 | D:2      | Reached XP level 4. HP: 6/36 MP: 1/8
  1041 | D:2      | Found a burning altar of Makhleb.
  1382 | D:2      | You fall through a shaft!
  1386 | D:3      | Noticed Terence
  1403 | D:3      | Noticed flt's ghost (amateur FoHu)
  1421 | D:3      | Slain by flt's ghost

Skill      XL: |  1  2  3  4 |
---------------+-------------+-----
Spellcasting   | 3 |  3.0
Dodging        | |  1.5
Stealth        | |  3.0
Conjurations   | |  4.9

Action                   |  1- 3 |  4- 6 || total
-------------------------+-------+-------++-------
Melee: Short sword       |     4 |       ||     4
 Cast: Magic Dart        |    42 |    11 ||    53
       Searing Ray       |     1 |       ||     1
 Abil: Spit Poison       |     6 |     2 ||     8
  Use: Scroll            |     5 |     1 ||     6
       Potion            |     1 |     1 ||     2
  Eat: Chunk             |       |     2 ||     2
Armor: Robe              |     2 |       ||     2
Dodge: Dodged            |    10 |     2 ||    12
